 Dungeon Crawl Stone Soup version 0.20.1-1-g8b1a95d (webtiles) character file.

12652 Mitsuki the Geomancer (level 11, -8/66 HPs)
             Began as a Gargoyle Earth Elementalist on Sept 15, 2017.
             Was a Priest of Vehumet.
             Killed from afar by a gargoyle (16 damage)
             ... with a stone arrow
             ... on level 9 of the Dungeon.
             The game lasted 01:01:51 (16866 turns).

Mitsuki the Geomancer (GrEE)                       Turns: 16866, Time: 01:01:51

Health: -8/66      AC:  9    Str: 12    XL:     11   Next: 96%
Magic:  1/21       EV: 14    Int: 19    God:    Vehumet [***...]
Gold:   531        SH:  4    Dex: 10    Spells: 9/23 levels left

rFire    + . .     SeeInvis .   j - +1 spear (vamp)
rCold    + . .     Gourm    .   D - +0 buckler
rNeg     + . .     Faith    .   v - +0 robe {MR+}
rPois    ∞         Spirit   .   (no helmet)
rElec    +         Reflect  .   N - scarf {rC+ rF+}
rCorr    .         Harm     .   (no gloves)
MR       +....                  (no boots)
Stlth    ++........             o - amulet of regeneration
Regen    0.7/turn               (no ring)
MPRegen  0.2/turn               (no ring)

@: no status effects
A: negative energy resistance 1, electricity resistance, unbreathing,
petrification resistance, rot immunity, AC +7
a: Renounce Religion


You were on level 9 of the Dungeon.
You worshipped Vehumet.
Vehumet was most pleased with you.
You were not hungry.

You visited 2 branches of the dungeon, and saw 10 of its levels.

You collected 531 gold pieces.

Inventory:

Hand Weapons
 j - a +1 vampiric spear (weapon)
 t - a +0 quarterstaff
 E - a cursed +0 flail
Missiles
 b - 109 stones (quivered)
Armour
 v - a +0 robe of magic resistance (worn)
 D - a +0 buckler (worn)
 N - a scarf of resistance (worn)
 O - a +0 robe of magic resistance
Magical Staves
 c - an uncursed staff of energy {unknown}
Jewellery
 o - an amulet of regeneration (around neck)
 C - a cursed -3 ring of protection {unknown}
 I - a +5 ring of protection {unknown}
 J - a +2 ring of strength {unknown}
 M - a +5 ring of evasion {unknown}
Wands
 q - a wand of polymorph (2/24)
 B - a wand of digging (10/24)
 G - a wand of paralysis (13/24)
 H - a wand of scattershot (5/9)
 Q - a wand of polymorph (11/24)
Scrolls
 a - a scroll of remove curse
 f - 3 scrolls of enchant armour
 l - 6 scrolls of teleportation
 m - 3 scrolls of fog
 n - a scroll of blinking
 w - a scroll of enchant weapon {unknown}
 y - 6 scrolls of identify {unknown}
 K - 2 scrolls of recharging {unknown}
 L - a scroll of fear {unknown}
Potions
 g - a potion of ambrosia {unknown}
 h - 3 potions of agility {unknown}
 i - a potion of magic {unknown}
 p - 5 potions of heal wounds {unknown}
 r - a potion of degeneration {unknown}
 u - 5 potions of curing
 x - 2 potions of cancellation {unknown}
 z - a potion of invisibility {unknown}
 A - 4 potions of lignification {unknown}
 F - a potion of brilliance {unknown}
Books
 e - a book of Geomancy

   Spells                             Type                      Level
   a - Sandblast                      Earth                        1
   b - Passwall                       Transmutation/Earth          2
   c - Stone Arrow                    Conjuration/Earth            3
   d - Petrify                        Transmutation/Earth          4
   e - Lee's Rapid Deconstruction     Earth                        5
Comestibles
 d - 5 bread rations
 k - a meat ration
 P - 7 royal jellies


   Skills:
 + Level 6.7 Fighting
 - Level 4.9(5.3) Maces & Flails
 + Level 2.9(4.3) Staves
 - Level 5.0 Armour
 + Level 5.2 Dodging
 - Level 2.1 Stealth
 - Level 4.3 Shields
 + Level 6.9 Spellcasting
 + Level 7.5 Conjurations
   Level 0.7 Transmutations
 + Level 3.3 Fire Magic
 + Level 9.7 Earth Magic
 + Level 5.3 Evocations


You had 9 spell levels left.
You knew the following spells:

 Your Spells              Type           Power        Failure   Level  Hunger
a - Sandblast             Erth           #####.       1%          1    None
b - Stone Arrow           Conj/Erth      #####.       1%          3    #......
c - Lee's Rapid Deconstr  Erth           #####.....   1%          5    #####..
d - Throw Flame           Conj/Fire      ####..       1%          2    None
e - Inner Flame           Hex/Fire       ##......     4%          3    #......


Dungeon Overview and Level Annotations

Branches:
Dungeon (9/15)             Temple (1/1) D:7
   Lair: D:8-11         Orc: D:9-12

Altars:
Ashenzari
Elyvilon
Fedhas
Gozag
Makhleb
Nemelex Xobeh
Okawaru
Ru
Sif Muna
Trog
Uskayaw
Vehumet
Xom
Zin
The Shining One

Annotations:
D:4 Sigmund


Innate Abilities, Weirdness & Mutations

You are resistant to torment.
Your stone body is resilient. (AC +7)
You are immune to poison.
You resist negative energy. (rN+)
You are resistant to electric shocks. (rElec)
You can survive without breathing.
You are immune to petrification.
You are immune to rotting.


Message History

The stone arrow hits the gargoyle.
The gargoyle is severely damaged.
The gargoyle hurls a stone arrow at you.
The stone arrow hits you!
You feel better.
You barely miss the gargoyle.
The gargoyle is severely damaged.
The gargoyle hits you with an enchanted mace.
You barely miss the gargoyle.
The gargoyle is severely damaged.
You hit the gargoyle but do no damage.
The gargoyle is severely damaged.
The gargoyle hurls a stone arrow at you.
The stone arrow misses you. The gargoyle barely misses you.
The gargoyle hurls a stone arrow at you.
The stone arrow hits you!
* * * LOW HITPOINT WARNING * * *
The gargoyle hurls a stone arrow at you.
The stone arrow hits you!
You die...

............Z.......#
#........
.........#########..#
#...).... .........#
#..#####.......# .........#
#......).......# .........#
#...<..........# .........#
###..............#
######...#
#...#######......# #<..#
##.###.###8###....# #...#
#.@#.##'.'##8#....# #...#
#.###'.....'###...# #9..#
#.#8#.......#.#...# #...#
##......)....'##...# #...#
#.9......8....##...# #...#
#............'##...# #Z..#
#.)#8#.......#8#...# #...#
#..###'.....'###...#
#...#####..(#.##'.'##8#....#


You could see a gargoyle.

Vanquished Creatures
  Erolcha (D:8)
  Erica (D:7)
  5 two-headed ogres
  A necromancer (D:9)
  Maurice (D:8)
  Joseph (D:9)
  3 gargoyles (D:9)
  A queen bee (D:9)
  2 hippogriffs (D:9)
  A wyvern (D:9)
  Grum (D:7)
  2 hungry ghosts (D:9)
  Duvessa (D:6)
  2 water moccasins
  An orc warrior (D:8)
  A sky beast (D:9)
  4 ice beasts
  A hornet zombie (D:9)
  2 necrophages
  A phantom (D:9)
  4 ogres
  3 wolves
  A centaur (D:9)
  A crocodile (D:8)
  A big kobold (D:7)
  7 bullfrogs
  Blork the orc (D:4)
  A gnoll sergeant (D:6)
  Dowan (D:6)
  2 scorpions (D:8)
  12 killer bees
  4 wights (D:6)
  4 howler monkeys
  8 crimson imps
  2 quasits
  A centaur skeleton (D:4)
  4 hounds
  2 orc priests (D:6)
  3 jellies
  3 orc wizards
  2 bullfrog skeletons
  Terence (D:3)
  4 iguanas
  A polar bear simulacrum (D:9)
  6 worker ants
  5 yak simulacra (D:9)
  3 hound skeletons
  2 worker ant zombies
  3 gnolls (D:6)
  A howler monkey skeleton (D:5)
  12 adders
  3 oozes
  An adder zombie (D:9)
  An adder skeleton (D:8)
  3 worms
  2 dart slugs
  9 leopard geckos
  18 orcs
  A ball python (D:2)
  6 bats
  9 giant cockroaches
  9 hobgoblins
  18 jackals
  16 kobolds
  6 quokkas
  6 frilled lizards
  8 goblins
  2 jackal skeletons
  A quokka zombie (D:7)
  4 rats
  2 river rat simulacra (D:9)
263 creatures vanquished.

Vanquished Creatures (others)
  2 plants (D:9)
2 creatures vanquished.

Grand Total: 265 creatures vanquished

Notes
Turn   | Place    | Note
-------+----------+-------------------------------------------
     0 | D:1      | Mitsuki the Gargoyle Earth Elementalist began the quest for the Orb.
     0 | D:1      | Reached XP level 1. HP: 10/10 MP: 3/3
   471 | D:1      | Reached skill level 4 in Earth Magic
   473 | D:1      | Reached XP level 2. HP: 8/15 MP: 5/5
  1473 | D:1      | Reached XP level 3. HP: 8/19 MP: 4/6
  1478 | D:1      | Learned a level 3 spell: Stone Arrow
  2727 | D:2      | Reached skill level 1 in Conjurations
  3168 | D:2      | Reached XP level 4. HP: 6/24 MP: 2/8
  3571 | D:2      | Found a sparkling altar of Nemelex Xobeh.
  4104 | D:3      | Noticed Terence
  4107 | D:4      | Reached skill level 5 in Earth Magic
  4134 | D:3      | Killed Terence
  4274 | D:3      | Found a shattered altar of Ashenzari.
  4379 | D:3      | Reached XP level 5. HP: 14/28 MP: 7/9
  4505 | D:3      | Found a sparkling altar of Nemelex Xobeh.
  4797 | D:3      | Found a glowing silver altar of Zin.
  4925 | D:4      | Noticed Sigmund
  5522 | D:4      | Noticed Blork the orc
  5540 | D:4      | Killed Blork the orc
  5540 | D:4      | Reached XP level 6. HP: 32/32 MP: 4/11
  5625 | D:4      | Reached skill level 6 in Earth Magic
  5856 | D:4      | Learned a level 5 spell: Lee's Rapid Deconstruction
  6067 | D:5      | Entered Level 5 of the Dungeon
  6168 | D:5      | Noticed a necrophage
  6196 | D:4      | Killed a necrophage
  6196 | D:4      | Reached XP level 7. HP: 19/37 MP: 8/13
  6237 | D:4      | Reached skill level 1 in Fighting
  6237 | D:4      | Reached skill level 1 in Maces & Flails
  6241 | D:5      | Reached skill level 1 in Armour
  6538 | D:5      | Reached skill level 1 in Evocations
  6583 | D:5      | Found a glowing golden altar of the Shining One.
  6852 | D:5      | Found a sparkling altar of Nemelex Xobeh.
  7229 | D:5      | Reached skill level 1 in Shields
  7259 | D:5      | Reached XP level 8. HP: 35/44 MP: 4/14
  7869 | D:6      | Found a bloodstained altar of Trog.
  8546 | D:6      | Found a radiant altar of Vehumet.
  8548 | D:6      | Found a sparkling altar of Nemelex Xobeh.
  8552 | D:6      | Became a worshipper of Vehumet
  8587 | D:6      | Reached skill level 7 in Earth Magic
  8636 | D:6      | Found a burning altar of Makhleb.
  8875 | D:6      | You fall through a shaft for 2 floors!
  8934 | D:8      | Reached XP level 9. HP: 51/51 MP: 9/16
  8993 | D:8      | Noticed Maurice
  9165 | D:8      | Found an iron altar of Okawaru.
  9181 | D:8      | Reached skill level 5 in Conjurations
  9193 | D:8      | Noticed a two-headed ogre
  9272 | D:6      | Reached skill level 5 in Spellcasting
  9338 | D:6      | Noticed Duvessa
  9366 | D:6      | Noticed Dowan
  9372 | D:6      | Killed Duvessa
  9381 | D:6      | Killed Dowan
 10077 | D:7      | Found a staircase to the Ecumenical Temple.
 10088 | Temple   | Entered the Ecumenical Temple
 10115 | D:7      | Reached * piety under Vehumet
 10115 | D:7      | Offered knowledge of Magic Dart by Vehumet.
 10426 | D:7      | Found a shimmering altar of Xom.
 10426 | D:7      | Found a white marble altar of Elyvilon.
 10787 | D:7      | Found a sparkling altar of Nemelex Xobeh.
 10998 | D:7      | Found a deep blue altar of Sif Muna.
 11318 | D:7      | Noticed a two-headed ogre
 11331 | D:7      | Killed a two-headed ogre
 11331 | D:7      | Reached XP level 10. HP: 31/58 MP: 1/18
 11692 | D:7      | Killed a two-headed ogre
 11692 | D:7      | Reached skill level 8 in Earth Magic
 11907 | D:8      | Noticed Erica
 11911 | D:8      | Noticed Grum
 12013 | D:7      | Killed Grum
 12238 | D:7      | Killed Erica
 12238 | D:7      | Reached skill level 5 in Fighting
 12575 | D:8      | Offered knowledge of Throw Flame by Vehumet.
 12581 | D:8      | Learned a level 2 spell: Throw Flame
 12652 | D:8      | Reached ** piety under Vehumet
 12678 | D:8      | Noticed a two-headed ogre
 12688 | D:8      | Killed a two-headed ogre
 12688 | D:8      | Reached skill level 1 in Fire Magic
 13234 | D:8      | Killed Maurice
 13234 | D:8      | Reached XP level 11. HP: 64/64 MP: 6/20
 13373 | D:8      | Reached skill level 5 in Armour
 13908 | D:9      | Noticed a necromancer
 13916 | D:9      | Killed a necromancer
 13916 | D:9      | Reached skill level 1 in Staves
 14018 | D:9      | Noticed a two-headed ogre
 14038 | D:9      | Killed a two-headed ogre
 14038 | D:9      | Reached skill level 9 in Earth Magic
 14057 | D:9      | Noticed Erolcha
 14241 | D:9      | Noticed a two-headed ogre
 14246 | D:9      | Killed a two-headed ogre
 14379 | D:9      | Noticed Joseph
 14429 | D:8      | Killed Erolcha
 14429 | D:8      | Reached skill level 5 in Dodging
 14442 | D:8      | HP: 3/64 [bullfrog (3)]
 14798 | D:9      | Found a shattered altar of Ashenzari.
 14874 | D:9      | Offered knowledge of Inner Flame by Vehumet.
 14937 | D:9      | Learned a level 3 spell: Inner Flame
 15461 | D:9      | Reached skill level 5 in Evocations
 15567 | D:9      | Reached *** piety under Vehumet
 16615 | D:9      | Killed Joseph
 16866 | D:9      | Killed from afar by a gargoyle

Skill      XL: |  1  2  3  4  5  6  7  8  9 10 11 |
---------------+----------------------------------+-----
Earth Magic    | 4 5 6 7 8 9 |  9.7
Conjurations   | 1 2 3 4 5 6 7 |  7.5
Spellcasting   | 3 4 5 6 |  6.9
Fighting       | 2 3 4 5 6 |  6.7
Maces & Flails | 1 3 4 |  4.9
Armour         | 1 2 3 4 5 |  5.0
Evocations     | 1 2 3 4 5 |  5.3
Dodging        | 2 3 4 5 |  5.2
Shields        | 1 2 4 |  4.3
Fire Magic     | 1 3 |  3.3
Staves         | 2 |  2.9
Stealth        | |  2.1
Transmutations | |  0.7

Action                   |  1- 3 |  4- 6 |  7- 9 | 10-12 || total
-------------------------+-------+-------+-------+-------++-------
Melee: Club              |   281 |   350 |       |       ||   631
       Unarmed           |    11 |       |       |       ||    11
       Dagger            |       |    94 |   162 |       ||   256
       Spear             |       |       |   768 |   458 ||  1226
       Mace              |       |       |    59 |       ||    59
 Cast: Sandblast         |    16 |    27 |    51 |    41 ||   135
       Stone Arrow       |       |     1 |    48 |   112 ||   161
       Throw Flame       |       |       |       |    34 ||    34
       Lee's Rapid Decon |       |       |       |     8 ||     8
  Use: Scroll            |     5 |     1 |     1 |       ||     7
       Potion            |       |       |       |     2 ||     2
 Stab: Sleeping          |     3 |     3 |     5 |     2 ||    13
       Distracted        |       |       |       |     1 ||     1
  Eat: Chunk             |     5 |    12 |    15 |     7 ||    39
       Fruit             |     2 |       |       |       ||     2
       Royal jelly       |       |       |     3 |     1 ||     4
       Meat ration       |       |       |     1 |     3 ||     4
Armor: Robe              |   130 |   219 |   419 |   203 ||   971
Dodge: Dodged            |   280 |   413 |   669 |   429 ||  1791
Block: Buckler           |       |       |       |   140 ||   140
